Unix NetHack Version 5.0.0-0 post-release - last build Jun 10 2026 00:39:30 (3ee93aec679c4c4259841fe613dc97188e26a321,branch:main).

Game began 2026-07-11 22:16:12, ended 2026-07-11 23:10:57.

DaveT, lawful male human Priest

                              -------
                          -----..|..|
                          |.........----------------
                          |...|.`.-'%^..^^^^^^^^^^.|
                          |.---`-`@`..------------+|
                          |..`.....|.--  |.........|
                          |.----`.--.|   |.........|
                          |.`..`..|..|   |.........|
                          |.`%`.`[[)-|   |.........|
                          |..|...|``.|   |....<....|
                          |.`-----.-.|   |.........|
                          |..........|   |.........|
                          --.>--------   |.........|
                           ----          -----------

DaveT the Adept              St:25 Dx:13 Co:17 In:13 Wi:18 Ch:7  Lawful
Dlvl:8  $:28 HP:0(65) Pw:131(131) AC:-2 Xp:8 T:8464  Burdened

Latest messages:
 With great effort you move the boulder.
 You hear a monster behind the boulder.
 Perhaps that's why you cannot move it.
 You hear a monster behind the boulder.
 Perhaps that's why you cannot move it.
 You hear a monster behind the boulder.
 Perhaps that's why you cannot move it.
 You hit the raven!
 The raven bites!
 The raven blinds you!
 You kill the raven!
 With great effort you move the boulder.
 The kobold lord misses!
 You kill the kobold lord!
 You try to feel what is lying here on the floor.
 You can see again.
 You have a little trouble lifting J - a lembas wafer.
 What do you want to use or apply? [h-jowyG-IKORSUVX or ?*] K
 Nothing happens.
 What do you want to use or apply? [h-jowyG-IKORSUVX or ?*] K
 Nothing happens.
 What do you want to use or apply? [h-jowyG-IKORSUVX or ?*] K
 Nothing happens.
 You are hit by a runed spear!
 The Grey-elf wields a runed broadsword!
 You see here a runed spear.
 You hit the Grey-elf!
 The Grey-elf swings his runed broadsword.
 The Grey-elf hits!
 You kill the Grey-elf!
 The Grey-elf throws a runed dagger!
 You are hit by a runed dagger!
 The Grey-elf hits!
 You hit the Grey-elf!
 The Grey-elf just misses!
 You hit the Grey-elf!
 The Grey-elf hits!
 You kill the Grey-elf!
 The flesh golem misses!
 The flesh golem hits!
 The flesh golem hits!
 The flesh golem hits again!
 You hit the flesh golem!
 The flesh golem hits!
 The flesh golem hits again!
 You die...
 Do you want your possessions identified? [ynq] (y) y
 Do you want to see your attributes? [ynq] (y) y
 Do you want an account of creatures vanquished? [ynaq] (y) y
 Do you want to see your conduct and achievements? [ynq] (y) q

Inventory:
 Coins    ('$')
  $ - 28 gold pieces
 Amulets  ('"')
  D - an amulet of unchanging
  n - an amulet versus poison (being worn)
  P - an amulet versus poison
 Weapons  (')')
  g - 9 blessed +0 darts
  x - 11 +0 shuriken
  d - a +0 aklys
  a - a blessed corroded +2 mace (weapon in right hand)
 Armor    ('[')
  t - a corroded +0 orcish helm (being worn)
  W - a blessed rustproof +3 pair of gauntlets of power (being worn)
  p - a +0 Uruk-hai shield (being worn)
  b - a burnt very rotted +1 robe (being worn)
  L - a +0 bronze plate mail (being worn)
 Comestibles  ('%')
  v - an apple
  e - a clove of garlic
  r - 4 food rations
  J - a lembas wafer
  f - a sprig of wolfsbane
  Y - a lizard corpse
 Scrolls  ('?')
  B - 2 scrolls of earth
  s - a scroll of teleportation
 Spellbooks  ('+')
  S - a spellbook of detect monsters
  X - a spellbook of restore ability
  R - a spellbook of sleep
 Potions  ('!')
  Z - a potion of enlightenment
  E - a diluted potion of extra healing
  C - 3 blessed potions of healing
  T - a potion of healing
  N - a potion of sickness
 Rings    ('=')
  z - a cursed ring of aggravate monster
  q - a ring of conflict
  m - a ring of free action
  A - a ring of see invisible
  F - a ring of stealth
 Wands    ('/')
  j - a wand of cancellation (0:3)
  o - a wand of digging (0:6)
  I - a wand of digging (0:5)
  w - a wand of digging (0:4)
  G - a wand of digging (0:4)
 Tools    ('(')
  y - a bag of holding containing 17 items
  H - an empty sack
  h - a blindfold
  O - a magic marker (0:92)
  V - a blessed oil lamp
  U - a +0 pick-axe
  i - a skeleton key
  K - a blessed +0 unicorn horn
 Gems/Stones  ('*')
  l - a worthless piece of yellowish brown glass

Contents of the bag of holding:
  241 gold pieces
  an amulet of unchanging
  10 +0 darts
  a blessed +0 dagger
  3 +2 daggers
  a +2 orcish dagger
  a cursed scroll of charging
  a cursed scroll of confuse monster
  a scroll of create monster
  a scroll of remove curse
  a cursed spellbook of healing
  a potion of enlightenment
  a potion of healing
  a cursed potion of levitation
  3 potions of holy water
  a magic marker (0:22)
  2 worthless pieces of white glass

DaveT the Priest's attributes:

Background:
 You were an Adept, a level 8 human Priest.
 You were lawful, on a mission for Amaterasu Omikami
 who was opposed by Raijin (neutral) and Susanowo (chaotic).
 You were right-handed.
 You were in Sokoban, on level 8.
 You entered the dungeon 8464 turns ago.
 It was nighttime.
 You had 2142 experience points, 418 more were needed to attain level 9.

Basics:
 You had 0 out of 65 hit points.
 You had all 131 energy points (spell power).
 Your armor class was -2.
 Your wallet contained 28 zorkmids, and
 you had 241 more stashed away in your pack.
 Autopickup was off.

Final Characteristics:
 Your strength was 25 (base:9, peak:10, innate limit:18/100).
 Your dexterity was 13 (limit:18).
 Your constitution was 17 (limit:18).
 Your intelligence was 13 (limit:18).
 Your wisdom was 18 (limit:18).
 Your charisma was 7 (limit:18).

Final Status:
 You weren't hungry.
 You were burdened; movement was slightly slowed.
 You were wielding a mace.
 You had expert skill with mace.

Final Attributes:
 You were piously aligned.
 You were sleep resistant.
 You were poison resistant.
 You were telepathic.
 You were guarded.
 Your spell casting was impaired by metallic armor, mitigated by your robe.
 You were fast.
 You are dead.

Miscellaneous:
 You didn't encounter any bones levels.
 Total elapsed playing time was 54 minutes and 45 seconds.

Major events:
 Turn
    1: DaveT the lawful human Priest entered the dungeon
  672: entered the Gnomish Mines
  864: attained the rank of Acolyte (level 3)
 2180: attained the rank of Adept (level 6)
 4108: made his first wish - "blessed rustproof +3 gauntlets of power", got "a blessed pair of riding gloves"
 4384: reached Mine Town
 7680: entered Sokoban
 8252: completed 1st Sokoban level
 8464: killed by a flesh golem

Spells:
 Name                 Level Category     Fail Retention
 protection             1   clerical     100%   51%-60%
 cure sickness          3   healing      100%   51%-75%
 invisibility           4   escape       100%   51%-75%
 sleep                  3   enchantment  100%  76%-100%
 detect monsters        1   divination   100%  76%-100%
 restore ability        4   healing      100%  76%-100%

Skills:
 Fighting Skills
   bare handed combat [Unskilled]
 Weapon Skills
   club               [Unskilled]
   mace               [Expert]
   morning star       [Unskilled]
   flail              [Unskilled]
   hammer             [Unskilled]
   quarterstaff       [Unskilled]
   polearms           [Unskilled]
   spear              [Unskilled]
   trident            [Unskilled]
   lance              [Unskilled]
   bow                [Unskilled]
   sling              [Unskilled]
   crossbow           [Unskilled]
   dart               [Unskilled]
   shuriken           [Unskilled]
   boomerang          [Unskilled]
   unicorn horn       [Unskilled]
 Spellcasting Skills
   healing spells     [Unskilled]
   divination spells  [Unskilled]
   clerical spells    [Basic]

Voluntary challenges:
 Character rerolling was not enabled.
 You never genocided any monsters.
 You never polymorphed an object.
 You never changed form.
 You used 1 wish.
 You did not wish for any artifacts.
 You violated the special Sokoban rules once.
Achievements:
 You entered the Gnomish Mines.
 You entered a shop.
 You attained the rank of Acolyte.
 You attained the rank of Adept.
 You entered Minetown.
 You entered a temple.
 You entered Sokoban.

 The Dungeons of Doom: levels 1 to 11
    Level 1:
       Some fountains.
    Level 2: "empty vault"
       A fountain.
    Level 3:
       An altar.
       Stairs down to The Gnomish Mines.
    Level 4: "empty vault"
       A general store, a sink.
    Level 5:
       A fountain.
    Level 6:
       A fountain.
    Level 7:
       A grave.
    Level 8:
       A fountain.
    Level 9:
       Many fountains.
    Level 10:
       Stairs up to Sokoban, level 9.
    Level 11:
 The Gnomish Mines: levels 4 to 6
    Level 4:
    Level 5:
    Level 6:
       Many shops, a temple and an altar, some fountains, some trees.
 Sokoban: levels 9 up to 8
    Level 8: <- You were here.
       Unsolved.
       Final resting place for
          you, killed by a flesh golem.
    Level 9:
       Solved.


Vanquished creatures:
  a large mimic
  a wumpus
  4 wargs
  3 small mimics
  a freezing sphere
 an ochre jelly
  a pit viper
  2 Grey-elves
  a chameleon
  a giant beetle
  a cockatrice
  2 wolves
  a lynx
  a spotted jelly
  2 leprechauns
 an iron piercer
  2 black lights
  2 brown puddings
  a lizard
  2 dingoes
  a jaguar
  a blue jelly
  a black unicorn
  a dust vortex
  2 ravens
  a plains centaur
  a snake
  3 Woodland-elves
  2 fire ants
 an imp
  8 Uruk-hai
  a rock mole
  a yellow light
  2 violet fungi
  8 gnome leaders
  a golden naga hatchling
  a barrow wight
  2 ghouls
  3 straw golems
  4 giant ants
  a floating eye
  2 kittens
  5 dwarves
  2 homunculi
  2 kobold leaders
  3 hill orcs
  a rabid rat
  a giant bat
  a monkey
  7 orc zombies
  a wererat
  3 iguanas
 11 killer bees
  2 acid blobs
  a hobbit
 10 manes
  a hobgoblin
  3 giant rats
  a cave spider
  a brown mold
  2 yellow molds
  a green mold
  a red mold
 25 gnomes
  3 garter snakes
  4 geckos
  7 jackals
  2 foxes
  2 kobolds
  3 goblins
  2 sewer rats
  4 grid bugs
  a bat
  2 lichens
  a kobold zombie
  8 newts
203 creatures vanquished.

No species were genocided or became extinct.

Game over:
                       ----------
                      /          \
                     /    REST    \
                    /      IN      \
                   /     PEACE      \
                  /                  \
                  |      DaveT       |
                  |      269 Au      |
                  |   killed by a    |
                  |   flesh golem    |
                  |                  |
                  |                  |
                  |       2026       |
                 *|     *  *  *      | *
        _________)/\\_//(\/(/\)/\//\/|_)_______

Goodbye DaveT the Priest...

You died in Sokoban on dungeon level 8 with 14087 points,
and 269 pieces of gold, after 8464 moves.
You were level 8 with a maximum of 65 hit points when you died.

